 Dungeon Crawl Stone Soup version 0.26.1-11-gd32895ea62 (webtiles) character file.

Game seed: 9876543704936981647

24 Felido the Firebug (level 2, 0/22 HPs)
             Began as a Deep Elf Fire Elementalist on June 27, 2021.
             Succumbed to a worker ant's poison
             ... on level 2 of the Dungeon.
             The game lasted 00:03:21 (1403 turns).

Felido the Firebug (Deep Elf Fire Elementalist)     Turns: 1403, Time: 00:03:21

Health: 0/22       AC: 21    Str:  5    XL:     2   Next: 79%
Magic:  6/8        EV:  2    Int: 19    God:
Gold:   86         SH:  0    Dex: 15    Spells: 6/7 levels left

rFire    . . .     SeeInvis .   h - +4 spear
rCold    . . .     Faith    .   (no shield)
rNeg     + + +     Spirit   .   (armour currently unavailable)
rPois    +         Reflect  .   (helmet currently unavailable)
rElec    .         Harm     .   (cloak currently unavailable)
rCorr    .         Rampage  .   (gloves currently unavailable)
Will     .....     NoTele   +   (boots currently unavailable)
Stlth    ++........             (no amulet)
HPRegen  0.07/turn              (no ring)
MPRegen  0.11/turn              (no ring)

@: lethally poisoned (0 -> -9), tree-form
A: no striking features
a: no special abilities


You were on level 2 of the Dungeon.
You were a tree.
You visited 1 branch of the dungeon, and saw 2 of its levels.

You collected 86 gold pieces.

Inventory:

Hand Weapons
 h - a +4 spear (weapon)
Armour
 a - a +0 robe (melded)
 e - a +0 pair of gloves (melded)
Scrolls
 c - 2 scrolls of remove curse
 d - a scroll of identify
 f - a scroll of amnesia
 g - a scroll of noise {unknown}
 j - 2 scrolls of enchant armour {unknown}
 k - a scroll of teleportation {unknown}
Potions
 i - a potion of curing {unknown}
 l - a potion of haste {unknown}


   Skills:
 + Level 2.5 Dodging
 + Level 2.6 Stealth
 + Level 3.4 Spellcasting
 + Level 1.4 Conjurations
 + Level 4.0 Fire Magic


You had 6 spell levels left.
You knew the following spells:

 Your Spells              Type           Power        Failure   Level
a - Foxfire               Conj/Fire      52%          4%          1

Your spell library contained the following spells:

 Spells                   Type           Power        Failure   Level
 Conjure Flame            Conj/Fire      13%          14%         3
 Inner Flame              Hex/Fire       10%          19%         3
 Sticky Flame             Conj/Fire      13%          43%         4
 Fireball                 Conj/Fire      6%           78%         5


Dungeon Overview and Level Annotations

Branches:
Dungeon (2/15)

Altars:


Message History

* * * LOW HITPOINT WARNING * * *
You feel sick.
The foxfire hits the worker ant.
The worker ant is almost dead.
The worker ant misses you.
* * * LOW HITPOINT WARNING * * *
You feel sick.
Okay, then.
Okay, then.
Really quaff the potion of lignification?
Uppercase [Y]es or [N]o only, please.
Really quaff the potion of lignification?
You turn into a tree.
Your +0 pair of gloves melds into your body.
Your +0 robe melds into your body.
Your roots penetrate the ground.
* * * LOW HITPOINT WARNING * * *
You feel sick.
The worker ant bites you but does no damage.
You closely miss the worker ant.
The worker ant is almost dead.
You die...

########### ..... #.........#
.....######.........#
.........#.........#
........#.........#
#+##......#.........#
#.##......#...♣B....#
###.##(.....#.........# #
............†.........##....
.......................>..#
################.###.#.#..<..
# ...# #.#....... .....
..###..... #...###### .....
#.. #...


You could see a worker ant.

Vanquished Creatures
  A dart slug (D:2)
  3 giant cockroaches
  A goblin (D:2)
  2 jackals (D:2)
  2 kobolds
  A ball python (D:1)
  5 bats
  6 rats
21 creatures vanquished.

Vanquished Creatures (others)
  34 foxfires
34 creatures vanquished.

Grand Total: 55 creatures vanquished

Notes
Turn   | Place    | Note
-------+----------+-------------------------------------------
     0 | D:1      | Felido the Deep Elf Fire Elementalist began the quest for
                  | the Orb.
     0 | D:1      | Reached XP level 1. HP: 10/10 MP: 6/6
   601 | D:1      | Reached XP level 2. HP: 15/15 MP: 5/8
  1363 | D:2      | Reached skill level 4 in Fire Magic
  1402 | D:2      | HP: 1/22 [poisoned by a worker ant]
  1403 | D:2      | Succumbed to a worker ant's poison

Illustrated notes

Levels and vault maps discovered:
D:1:      noname_arrival_rooms_in_the_neighbourhood, layout_basic,
          chequers_serial_rivers_large_a, minmay_stone_trees_small,
          dk_noncrumbling_3, roderic_st_hans_cross
D:2:      layout_basic, kennysheep_vampire_church, marbit_many_paths

Skill      XL: |  1  2 |
---------------+-------+-----
Fire Magic     | 4 |  4.0
Dodging        | |  2.5
Stealth        | |  2.6
Spellcasting   | |  3.4
Conjurations   | |  1.4

Action                   || total
-------------------------++-------
Melee: Spear             ||    17
 Cast: Foxfire           ||    30
  Use: Scroll            ||     3
       Potion            ||     1
 Stab: Sleeping          ||     1
Armor: Robe              ||     8
       Skin              ||     1
Dodge: Dodged            ||    24
